 Seeded DCSS version 0.26-a0-1191-ge2a0e31ab3 (webtiles) character file.

Game seed: 10401291919295105146 (custom seed)

2591 stormannn the Destroyer (level 9, -2/62 HPs)
             Began as a Demigod Conjurer on Dec 28, 2020.
             Killed by the air
             ... invoked by Gastronok
              (27 damage)
             ... on level 8 of the Dungeon.
             The game lasted 00:15:15 (8736 turns).

stormannn the Destroyer (Demigod Conjurer)          Turns: 8736, Time: 00:15:16

Health: -2/62      AC:  7    Str: 10    XL:     9   Next: 11%
Magic:  16/21      EV: 12    Int: 28    God:
Gold:   148        SH:  0    Dex: 14    Spells: 16/19 levels left

rFire    + + .     SeeInvis .   D - +4 spear
rCold    + . .     Faith    .   (no shield)
rNeg     . . .     Spirit   .   y - +1 leather armour {rPois}
rPois    +         Reflect  .   j - +0 helmet
rElec    .         Harm     .   r - scarf {rC+ rF+}
rCorr    .         Rampage  .   d - +0 pair of gloves
Will     .....                  g - +0 pair of boots
Stlth    +++.......             l - amulet of magic regeneration
HPRegen  0.20/turn              a - ring of protection from fire
MPRegen  0.42/turn              s - ring of stealth

@: slowed, studying Necromancy, very slow
A: high mp 1
a: no special abilities


You were on level 8 of the Dungeon.
You visited 1 branch of the dungeon, and saw 9 of its levels.

You collected 448 gold pieces.
You spent 300 gold pieces at shops.

Inventory:

Hand Weapons
 t - a +2 mace of protection
 D - a +4 spear (weapon)
Armour
 d - a +0 pair of gloves (worn)
 g - a +0 pair of boots (worn)
 j - a +0 helmet (worn)
 r - a scarf of resistance (worn)
 y - a +1 leather armour of poison resistance (worn)
Jewellery
 a - a ring of protection from fire (left hand)
 l - an amulet of magic regeneration (around neck)
 s - a ring of stealth (right hand)
 w - a +6 ring of dexterity
 z - a +6 ring of dexterity
Wands
 i - a wand of random effects (22)
 C - a wand of flame (13)
Scrolls
 b - 2 scrolls of magic mapping
 c - a scroll of amnesia
 h - 5 scrolls of teleportation
 m - a scroll of fear {unknown}
 u - a scroll of remove curse
 x - a scroll of vulnerability
Potions
 e - 2 potions of invisibility
 f - 2 potions of cancellation
 k - 5 potions of curing
 n - a potion of resistance
 o - a potion of berserk rage
 p - a potion of flight {unknown}
 q - 4 potions of lignification
 v - a potion of ambrosia {unknown}
 B - a potion of brilliance {unknown}
Books
 A - a manual of Necromancy


   Skills:
 - Level 1.7 Dodging
 - Level 1.7 Stealth
 + Level 5.9 Spellcasting
 * Level 9.6 Conjurations
 - Level 4.0 Hexes


You had 16 spell levels left.
You knew the following spells:

 Your Spells              Type           Power        Failure   Level
a - Magic Dart            Conj           100%         1%          1
b - Searing Ray           Conj           100%         1%          2

Your spell library contained the following spells:

 Spells                   Type           Power        Failure   Level
 Corona                   Hex            33%          1%          1
 Dazzling Flash           Conj/Hex       92%          1%          3
 Fulminant Prism          Conj/Hex       23%          4%          4
 Animate Skeleton         Necr           16%          9%          1
 Apportation              Tloc           16%          9%          1
 Beastly Appendage        Tmut           16%          9%          1
 Summon Small Mammal      Summ           32%          9%          1
 Iskenderun's Mystic Bla  Conj/Tloc      35%          11%         4
 Wereblood                Tmut           8%           13%         2
 Spider Form              Tmut/Pois      4%           26%         3
 Ice Form                 Ice/Tmut       8%           63%         4
 Blade Hands              Tmut           4%           93%         5


Dungeon Overview and Level Annotations

Branches:
Dungeon (9/15)             Temple (0/1) D:7
   Lair: D:8-11         Orc: D:9-12

Shops:
D:7 *

Annotations:
D:4 2 transporters, Grinder; voltaire321's ghost, amateur MfGl
D:5 exclusion: statue
D:8 Gastronok


Innate Abilities, Weirdness & Mutations

You have an increased reservoir of magic. (+10% MP)


Message History

Gastronok waves his eye-stalks in wide circles.
The air twists around and strikes you.
Casting: Searing Ray (safe; 1% risk of failure)
Confirm with . or Enter, or press ? or * to list all spells.
Aiming: Searing Ray (safe; 1% risk of failure)
Press: ? - help, Shift-Dir - straight line, f/p - Gastronok
Aim: Gastronok, wearing a +1 hat of willpower (heavily wounded, 0% to evade)
Okay, then.
Okay, then.
Casting: Searing Ray (safe; 1% risk of failure)
Confirm with . or Enter, or press ? or * to list all spells.
Aiming: Searing Ray (safe; 1% risk of failure)
Press: ? - help, Shift-Dir - straight line, f/p - Gastronok
Aim: Gastronok, wearing a +1 hat of willpower (heavily wounded, 0% to evade)
The searing ray hits Gastronok!
Gastronok is heavily wounded. (Press . to maintain the ray.) Gastronok waves his eye-stalks in wide circles.
The air twists around and strikes you!!
You die...

##...## ####
##.....## ###
###.......# #..
....?....# #.#
#.......# ...#
#..w..# . ..
#...# ## ##.##
#@### #...##
#.###.# #. #.#
# #.###.#
##.##...##
##...##.#####.#
#
.........<...#
+
##...##.###.##
#


You could see Gastronok.

Vanquished Creatures
  A troll (D:6)
  A water moccasin (D:6)
  2 ice beasts
  An orc warrior (D:6)
  2 sky beasts
  A necrophage (D:7)
  A centaur (D:7)
  A bullfrog (D:7)
  3 scorpions
  2 wights (D:7)
  A howler monkey (D:6)
  A bullfrog zombie (D:7)
  A quasit (D:5)
  4 hounds
  A jelly (D:7)
  5 orc priests
  A gnoll shaman (D:6)
  2 orc wizards (D:4)
  4 centaur skeletons
  3 iguanas
  6 worker ants
  13 adders
  2 shadow imps (D:6)
  2 white imps (D:6)
  An ufetubus (D:7)
  An ooze (D:1)
  An adder skeleton (D:4)
  A worm (D:2)
  3 dart slugs
  6 leopard geckos
  29 orcs
  8 giant cockroaches
  5 goblins
  8 hobgoblins
  14 jackals
  7 kobolds
  3 quokkas
  A ball python (D:1)
  11 bats
  4 frilled lizards
  5 rats (D:1)
169 creatures vanquished.

Notes
Turn   | Place    | Note
-------+----------+-------------------------------------------
     0 | D:1      | stormannn the Demigod Conjurer began the quest for the Orb.
     0 | D:1      | Reached XP level 1. HP: 14/14 MP: 5/5
   268 | D:1      | Reached XP level 2. HP: 20/20 MP: 5/7
   297 | D:1      | Reached skill level 4 in Conjurations
  1175 | D:1      | Learned a level 2 spell: Searing Ray
  1286 | D:2      | Reached XP level 3. HP: 26/26 MP: 6/9
  2327 | D:2      | Reached XP level 4. HP: 33/33 MP: 4/10
  2641 | D:2      | Reached skill level 5 in Conjurations
  3150 | D:3      | Found a shimmering blue altar of Sif Muna.
  3166 | D:3      | Found an ornate altar of the Wu Jian Council.
  3784 | D:4      | Found a transporter.
  3791 | D:4      | Noticed voltaire321's ghost (amateur MfGl)
  3943 | D:4      | Noticed Grinder
  3979 | D:4      | Found a transporter.
  3997 | D:4      | Found a sparkling altar of Nemelex Xobeh.
  4105 | D:4      | Reached XP level 5. HP: 38/38 MP: 10/12
  4395 | D:4      | Reached skill level 6 in Conjurations
  4395 | D:4      | Reached XP level 6. HP: 30/45 MP: 5/14
  5270 | D:5      | Entered Level 5 of the Dungeon
  5297 | D:5      | Reached XP level 7. HP: 44/50 MP: 9/16
  5368 | D:5      | Found an ancient bone altar of Kikubaaqudgha.
  5389 | D:5      | Reached skill level 7 in Conjurations
  5901 | D:5      | Found a radiant altar of Vehumet.
  5920 | D:5      | Reached skill level 1 in Hexes
  6756 | D:6      | Noticed a troll
  6763 | D:6      | Killed a troll
  6764 | D:6      | Reached skill level 8 in Conjurations
  6764 | D:6      | Reached XP level 8. HP: 12/57 MP: 11/18
  7070 | D:6      | Reached skill level 5 in Spellcasting
  7226 | D:6      | Found a sacrificial altar of Ru.
  7362 | D:6      | Found a white marble altar of Elyvilon.
  7743 | D:7      | Reached skill level 9 in Conjurations
  7969 | D:7      | Found Pots's Assorted Antiques.
  7986 | D:7      | Bought a papyrus book for 300 gold pieces
  8063 | D:7      | Reached XP level 9. HP: 51/62 MP: 7/21
  8162 | D:7      | Found a staircase to the Ecumenical Temple.
  8674 | D:8      | You fall into a shaft and drop 1 floor!
  8719 | D:8      | Noticed Gastronok
  8736 | D:8      | Killed from afar by Gastronok

Illustrated notes

Levels and vault maps discovered:
D:1:      tarquinn_simple_flora_water_f, layout_basic
D:2:      layout_basic
D:3:      layout_basic, lemuel_crystal_altar, nzn_wu_jian_council_hall
D:4:      layout_gridville, marbit_many_paths, gammafunk_ghost_stat_death,
          uniq_grinder
D:5:      minmay_spotlight, layout_basic, vehumet_statue, basic_altar
D:6:      layout_basic, grunt_temple_overflow_open, minmay_manual_mail
D:7:      layout_basic, minmay_temple_entry_statues_fountains, serial_shops,
          nicolae_shop_crystal
D:8:      layout_loops_corners, hangedman_decor_push, okawaru_humans,
          uniq_harold, uniq_gastronok
D:9:      layout_gridville, serial_shops, nicolae_shop_behind_doors

Skill      XL: |  1  2  3  4  5  6  7  8 |
---------------+-------------------------+-----
Spellcasting   | 2 3 4 5 |  5.9
Conjurations   | 4 5 6 8 9 |  9.6
Hexes          | 2 4 |  4.0
Dodging        | |  1.7
Stealth        | |  1.7

Action                   |  1- 3 |  4- 6 |  7- 9 || total
-------------------------+-------+-------+-------++-------
Melee: Unarmed           |       |     1 |       ||     1
       Mace              |       |       |     1 ||     1
 Cast: Magic Dart        |    83 |    76 |   113 ||   272
       Searing Ray       |     4 |    13 |    47 ||    64
  Use: Scroll            |       |       |    13 ||    13
Armor: Robe              |     4 |     6 |     1 ||    11
       Leather armour    |       |       |    18 ||    18
Dodge: Dodged            |     6 |    18 |    20 ||    44

Table legend: (Time is in decaauts)
 A = Elapsed time spent in this place.
 B = Non-inter-level travel time spent in this place.
 C = Inter-level travel time spent in this place.
 D = Time resting spent in this place.
 E = Time spent auto-exploring this place.
 F = Levels seen in this place.
 G = Mean time per level.
                   A        B        C        D        E       F      G
               +--------+--------+--------+--------+--------+-----+--------+
         Total |   8733 |   8412 |    321 |   2881 |   4593 |   9 |  970.3 |
       Dungeon |   8733 |   8412 |    321 |   2881 |   4593 |   9 |  970.3 |
               +--------+--------+--------+--------+--------+-----+--------+

Top non-repeatable levels by time:
     D:6: 1629 daAuts
     D:2: 1585 daAuts
     D:4: 1580 daAuts
     D:1: 1282 daAuts
     D:7: 903 daAuts
     D:3: 821 daAuts
     D:5: 762 daAuts
     D:8: 164 daAuts
     D:9: 3 daAuts
